 Dungeon Crawl Stone Soup version 0.25.0-33-gff14898491 (webtiles) character file.

Game seed: 8762987757973288558

120 protoss039 the Digger (level 4, -5/24 HPs)
             Began as a Deep Elf Earth Elementalist on July 7, 2020.
             Killed from afar by a hobgoblin (10 damage)
             ... with a puff of flame
             ... on level 2 of the Dungeon.
             The game lasted 00:04:25 (1644 turns).

protoss039 the Digger (Deep Elf Earth Elementalist) Turns: 1644, Time: 00:04:26

Health: -5/24      AC:  2    Str:  5    XL:     4   Next: 75%
Magic:  12/12      EV: 13    Int: 21    God:
Gold:   80         SH:  0    Dex: 15    Spells: 10/11 levels left

rFire    . . .     SeeInvis .   e - +0 dagger
rCold    . . .     Gourm    .   (no shield)
rNeg     . . .     Faith    .   c - +0 robe
rPois    .         Spirit   .   (no helmet)
rElec    .         Reflect  .   (no cloak)
rCorr    .         Harm     .   (no gloves)
MR       .....                  (no boots)
Stlth    +.........             (no amulet)
HPRegen  0.08/turn              (no ring)
MPRegen  0.13/turn              (no ring)

@: confused
A: no striking features
a: no special abilities


You were on level 2 of the Dungeon.
You were not hungry.

You visited 1 branch of the dungeon, and saw 2 of its levels.

You collected 80 gold pieces.

Inventory:

Hand Weapons
 e - a +0 dagger (weapon)
 p - a +2 dagger of venom
Missiles
 b - 36 stones (quivered)
Armour
 c - a +0 robe (worn)
 f - a +0 leather armour
Jewellery
 q - a +4 ring of evasion {unknown}
 s - an uncursed ring of protection from magic {unknown}
Scrolls
 g - 2 scrolls of fear {unknown}
 i - a scroll of immolation {unknown}
 j - a scroll of identify {unknown}
 k - a scroll of magic mapping {unknown}
 l - a scroll of remove curse {unknown}
 o - a scroll of blinking {unknown}
 r - a scroll of teleportation {unknown}
Potions
 h - a potion of lignification {unknown}
 n - a potion of might {unknown}
 t - a potion of flight {unknown}
Comestibles
 d - 3 rations
 m - 2 chunks of flesh


   Skills:
 - Level 0.1 Short Blades
 * Level 1.0 Armour
 - Level 3.0 Dodging
 - Level 3.0 Stealth
 + Level 4.1 Spellcasting
   Level 1.1 Transmutations
 + Level 4.8 Earth Magic


You had 10 spell levels left.
You knew the following spells:

 Your Spells              Type           Power        Failure   Level  Hunger
a - Sandblast             Erth           ###...       1%          1    None

Your spell library contained the following spells:

 Spells                   Type           Power        Failure   Level  Hunger
 Passwall                 Tmut/Erth      ###.....     5%          2    #......
 Stone Arrow              Conj/Erth      ##....       13%         3    ###....
 Petrify                  Tmut/Erth      ###.....     34%         4    ####...
 Lee's Rapid Deconstruct  Erth           ###.......   43%         5    ######.


Dungeon Overview and Level Annotations

Branches:
Dungeon (2/15)

Altars:

Annotations:
D:2 Sigmund


Message History

Unknown command.
Press: ? - help, v - describe, . - travel The floor.
Unknown command.
The bat hits you but does no damage.
A goblin comes into view. It is wielding a +0 club.
The hobgoblin zaps a wand.
The puff of flame hits you.
Unknown command.
The bat barely misses you.
Unknown command.
The bat closely misses you. The bat misses you.
The hobgoblin zaps a wand.
The puff of flame hits you!
* * * LOW HITPOINT WARNING * * *
Unknown command.
Unknown command.
It was a potion of ambrosia.
You are more confused.
You feel invigorated. The bat barely misses you. The bat closely misses you.
The hobgoblin zaps a wand.
The puff of flame hits you!
You die...

#.#.....##.# #...##.##.. #
#.......##..####...##.##..
##.......#....##..###.##.
#.##.##.#..............
#.##.# .#>..###..##.###
.....## #.#.###.##..#
......#.#.#.....##.##
...###....b..........#
..<.........@>.........
...##.?.bg#..######
##..!...#..g.g.....
........#.#g#######
#####...#.@g#[....#
#...##.g.......
#####.........g
#.#.....gg. #...../..$.


You could see Sigmund, a hobgoblin, 5 goblins and 2 bats.

Vanquished Creatures
  Natasha (twice) (D:2)
  2 adders (D:2)
  A worm (D:2)
  3 dart slugs
  A leopard gecko (D:1)
  3 bats
  3 giant cockroaches
  6 goblins
  3 hobgoblins
  6 jackals (D:1)
  6 frilled lizards
  4 kobolds (D:1)
  4 rats
44 creatures vanquished.

Notes
Turn   | Place    | Note
-------+----------+-------------------------------------------
     0 | D:1      | protoss039 the Deep Elf Earth Elementalist began the quest
                  | for the Orb.
     0 | D:1      | Reached XP level 1. HP: 10/10 MP: 6/6
   200 | D:1      | Reached XP level 2. HP: 15/15 MP: 2/8
   703 | D:1      | Reached XP level 3. HP: 19/19 MP: 7/9
  1179 | D:2      | Noticed Natasha
  1193 | D:2      | Killed Natasha
  1308 | D:2      | Reached XP level 4. HP: 24/24 MP: 7/11
  1425 | D:2      | Noticed Natasha
  1433 | D:2      | Killed Natasha
  1433 | D:2      | Reached skill level 1 in Armour
  1633 | D:2      | Noticed Sigmund
  1643 | D:2      | HP: 1/24 [hobgoblin/puff of flame (9)]
  1644 | D:2      | Killed from afar by a hobgoblin

Illustrated notes

Levels and vault maps discovered:
D:1:      minmay_arrival_five_plusses, layout_loops_ring, minmay_octomino_j4
D:2:      minmay_wonky_spiral, layout_rooms, first_ration, feat_on_display,
          uniq_sigmund, uniq_natasha, uniq_robin

Skill      XL: |  1  2  3  4 |
---------------+-------------+-----
Dodging        | 3 |  3.0
Stealth        | 3 |  3.0
Earth Magic    | 4 |  4.8
Armour         | 1 |  1.0
Spellcasting   | 4 |  4.1
Short Blades   | |  0.1
Transmutations | |  1.1

Action                   |  1- 3 |  4- 6 || total
-------------------------+-------+-------++-------
Melee: Dagger            |    14 |       ||    14
 Cast: Sandblast         |    42 |    13 ||    55
  Use: Scroll            |     1 |       ||     1
       Potion            |       |     1 ||     1
 Stab: Sleeping          |     4 |       ||     4
  Eat: Chunk             |     1 |     1 ||     2
Armor: Robe              |     4 |     4 ||     8
Dodge: Dodged            |    11 |    11 ||    22
